AoeStats
← Outlaw

Highland

504080731Analyzed
2v2 RM · 29d ago on Sep 3, 2026· 61m 8s· 4 players
Game mode
Random Map
Map size
Medium (4 player)
Population
200
Speed
Normal
Resources
Standard
Victory
Conquest
Starting age
Dark Age
Ending age
Imperial Age
RankedLock teamsTeams togetherTeam positionsShared explorationLock speedFull tech treeHidden civsTurbo modeCheats
Victory
Defeat
🇿🇦 Cumans · South Africa
640
+14
🇿🇦 Persians · South Africa
622
+14
🇦🇹 Burgundians · Austria
592
-28
🇦🇹 Britons · Austria
592
-28
spike
10:38 Feudal Age
11:59 Wheelbarrow
14:10 Double-Bit Axe
14:06 Horse Collar
20:14 Man-at-Arms
23:30 Forging
25:20 Fletching
29:07 Castle Age
28:26 Scale Mail Armor
28:33 Padded Archer Armor
30:19 Hand Cart
30:04 Crossbowman
32:03 Husbandry
37:42 Iron Casting
37:08 Bodkin Arrow
37:31 Bodkin Arrow
37:53 Leather Archer Armor
38:12 Ballistics
48:29 Sanctity
48:33 Fervor
49:55 Bow Saw
flisk
5:40 Wheelbarrow
6:12 Double-Bit Axe
11:11 Feudal Age
10:45 Loom
11:18 Horse Collar
18:05 Bow Saw
18:17 Gold Mining
21:46 Hand Cart
22:21 Scale Barding Armor
22:17 Scale Mail Armor
25:55 Castle Age
24:04 Heavy Plow
24:47 Scale Barding Armor
25:37 Stone Mining
26:33 Gold Shaft Mining
26:21 Cavalier
27:24 Husbandry
27:59 Crop Rotation
29:54 Town Watch
32:02 Two-Man Saw
30:55 Town Watch
31:31 Chain Mail Armor
35:00 Stone Shaft Mining
34:50 Chain Barding Armor
50:05 Imperial Age
48:24 Arson
50:20 Paladin
52:15 Elite Coustillier
Dkiller8653
10:00 Feudal Age
10:39 Double-Bit Axe
16:34 Wheelbarrow
17:06 Man-at-Arms
22:49 Gold Mining
24:24 Horse Collar
27:10 Castle Age
25:53 Fletching
28:25 Bow Saw
29:04 Gold Shaft Mining
33:43 Hand Cart
33:57 Padded Archer Armor
34:08 Scale Barding Armor
34:13 Scale Mail Armor
34:25 Forging
41:07 Leather Archer Armor
40:48 Bodkin Arrow
48:26 Imperial Age
47:32 Caravan
48:13 Chain Mail Armor
49:30 Pikeman
50:11 Squires
56:15 Steppe Husbandry
Outlaw
9:56 Feudal Age
10:45 Double-Bit Axe
10:27 Man-at-Arms
11:22 Horse Collar
17:46 Scale Mail Armor
24:42 Castle Age
24:47 Scale Mail Armor
24:58 Forging
24:54 Scale Barding Armor
26:52 Bow Saw
27:20 Heavy Plow
28:29 Chain Mail Armor
30:28 Iron Casting
30:04 Long Swordsman
31:58 Pikeman
32:30 Gambesons
32:51 Squires
35:25 Arson
39:08 Wheelbarrow
43:32 Imperial Age
41:20 Hand Cart
42:16 Husbandry
43:33 Bloodlines
43:21 Cavalier
45:03 Conscription
46:28 Two-Man Saw
46:01 Crop Rotation
47:02 Gold Mining
47:28 Elite War Elephant
56:12 Light Cavalry
57:37 Devotion
58:24 Hussar
Connection lost

Rejoining the realm…

Still unreachable

The connection could not be restored.

Session expired

The server has moved on; the page needs a fresh start.